 Dungeon Crawl Stone Soup version 0.21.1-1-g345015fe64 (webtiles) character file.

2933 Jannitor the Vexing (level 9, -10/59 HPs)
             Began as a Demonspawn Enchanter on June 23, 2018.
             Was a Follower of Uskayaw.
             Killed by divine providence
             ... invoked by an orc priest
              (12 damage)
             ... on level 9 of the Dungeon.
             The game lasted 00:18:33 (9023 turns).

Jannitor the Vexing (Demonspawn Enchanter)          Turns: 9023, Time: 00:18:34

Health: -10/59     AC:  4    Str:  8    XL:     9   Next: 50%
Magic:  13/13      EV: 12    Int: 20    God:    Uskayaw [*.....]
Gold:   299        SH:  0    Dex: 18    Spells: 4/12 levels left

rFire    . . .     SeeInvis .   a - +2 dagger (venom)
rCold    + . .     Gourm    .   (no shield)
rNeg     . . .     Faith    .   r - +1 robe {rC+}
rPois    .         Spirit   .   (helmet restricted)
rElec    .         Reflect  .   (no cloak)
rCorr    .         Harm     .   (no gloves)
MR       .....                  x - +0 pair of boots
Stlth    ++++......             (no amulet)
HPRegen  0.19/turn              h - +4 ring of dexterity
MPRegen  0.13/turn              H - -2 ring of protection (curse)

@: about to teleport, flying
A: horns 1, rugged brown scales 2, demonic guardian 1, powered by death 1
a: Stomp, Renounce Religion


You were on level 9 of the Dungeon.
You worshipped Uskayaw.
Uskayaw was noncommittal.
You were not hungry.

You visited 1 branch of the dungeon, and saw 9 of its levels.
You also visited: Sewer and Ossuary.

You collected 299 gold pieces.

Inventory:

Hand Weapons
 a - a +2 dagger of venom (weapon)
 b - a +3 blowgun
 f - a +4 dagger
 o - a +1 dagger
Missiles
 e - 196 stones (quivered)
 j - 9 curare-tipped needles
 k - 47 poisoned needles
 I - a throwing net
Armour
 q - a +0 robe of cold resistance
 r - a +1 robe of cold resistance (worn)
 u - a +0 robe
 x - a +0 pair of boots (worn)
 y - a +2 leather armour of poison resistance
 K - a +1 robe of positive energy
Jewellery
 h - a +4 ring of dexterity (left hand)
 l - an uncursed ring of protection from cold
 G - an uncursed amulet of harm
 H - a cursed -2 ring of protection (right hand)
Wands
 w - a wand of acid (11)
 E - a wand of clouds (7)
Scrolls
 m - a scroll of identify
 s - 6 scrolls of teleportation
 B - a scroll of fog
Potions
 g - a potion of ambrosia {unknown}
 i - a potion of agility
 t - 2 potions of magic
 v - 3 potions of brilliance
 z - a potion of berserk rage {unknown}
 A - 2 potions of might {unknown}
 C - 5 potions of flight
 D - a potion of haste {unknown}
 F - a potion of degeneration {unknown}
Books
 c - a book of Maledictions

   Spells                             Type                      Level
   a - Corona                         Hexes                        1
   b - Ensorcelled Hibernation        Hexes/Ice                    2
   c - Confuse                        Hexes                        3
   d - Tukima's Dance                 Hexes                        3
   e - Dazzling Spray                 Conjuration/Hexes            3
 n - a book of Cantrips

   Spells                             Type                      Level
   a - Confusing Touch                Hexes                        1
   b - Animate Skeleton               Necromancy                   1
   c - Summon Small Mammal            Summoning                    1
   d - Apportation                    Translocation                1
Comestibles
 d - 17 rations
 p - 2 chunks of flesh


   Skills:
 + Level 5.5 Short Blades
 - Level 1.7 Dodging
 + Level 6.7 Stealth
 - Level 2.0 Spellcasting
 + Level 6.9 Hexes
 - Level 3.1 Ice Magic
 + Level 5.8 Invocations
 + Level 4.7 Evocations


You had 4 spell levels left.
You knew the following spells:

 Your Spells              Type           Power        Failure   Level  Hunger
a - Corona                Hex            ####...      1%          1    #......
b - Ensorcelled Hibernat  Hex/Ice        ###...       3%          2    ##.....
c - Confuse               Hex            ####....     2%          3    ###....
d - Confusing Touch       Hex            ####..       1%          1    #......
e - Apportation           Tloc           #.....       16%         1    #......


Dungeon Overview and Level Annotations

Branches:
Dungeon (9/15)             Temple (0/1) D:7
   Lair: D:8-11         Orc: D:9-12

Altars:
Cheibriados
Dithmenos
Elyvilon
Fedhas
Hepliaklqana
Nemelex Xobeh
Qazlal
Ru
Trog
Uskayaw
Vehumet
Xom
Zin
Beogh

Annotations:
D:4 Eustachio
D:5 5 runed doors
D:6 Worldyogurt's ghost, novice DDFi
D:8 Salt's ghost, novice MiBe


Innate Abilities, Weirdness & Mutations

You have a pair of small horns on your head.
You are mostly covered in rugged brown scales. (AC +2, +5% HP)
A weak demonic guardian rushes to your aid.
You regenerate a little health from kills.


Message History

An orc comes into view. It is wielding a war axe.
The orc shouts!
A yak comes into view.
The yak bellows!
A yak comes into view.
The yak bellows!
You hear a chilling moan.
Found a scroll of remove curse. 2 yaks, a worker ant, 2 orcs, a necrophage and a zombie come into view.
Unknown command.
It was a potion of flight.
You feel very buoyant.
You fly up into the air.
You can no longer pass through a line of other dancers.
A quasit comes into view.
As you read the scroll of teleportation, it crumbles to dust.
You feel strangely unstable. The worker ant bites you.
* * * LOW HITPOINT WARNING * * *
The orc priest mumbles some strange prayers to Beogh against you.
Beogh smites you!
You die...

#######
#.....#
#..#..#
#.....#
#.....#
#...Z.#
#..an.#'####
#@.......
#.....##.
#...o..5.
#........
..Y..o...
..#Y..Y##
..#...o..
....Y.....


You could see 4 yaks, a necrophage, a worker ant, an orc priest, an orc wizard,
a quasit, an orc and a hound zombie.

Vanquished Creatures
  Joseph (D:7)
  Sigmund (D:2)
  The ghost of Jyngge the Chopper, an amateur MiFi (D:4)
  An acid dragon (D:8)
  2 orc warriors (D:8)
  2 sky beasts (D:8)
  An ogre (D:5)
  2 phantoms
  A centaur (D:7)
  A big kobold (D:7)
  An elf zombie (Ossuary)
  Blork the orc (D:4)
  3 bullfrogs
  A scorpion (D:8)
  4 wights (D:7)
  2 crimson imps
  A centaur zombie (Ossuary)
  4 jellies
  5 orc wizards
  3 orc priests
  A human zombie (Ossuary)
  Jessica (D:2)
  2 iguanas
  2 worker ants (D:6)
  A killer bee zombie (D:5)
  A big kobold zombie (Ossuary)
  2 mummies (Ossuary)
  6 gnolls
  10 adders
  2 shadow imps
  3 oozes
  An adder zombie (Ossuary)
  6 worms
  2 dart slugs
  8 leopard geckos
  28 orcs
  6 giant cockroaches
  7 goblins
  7 hobgoblins
  2 jackals (D:1)
  25 kobolds
  3 quokkas
  4 ball pythons
  7 bats
  3 frilled lizards (D:1)
  A goblin zombie (Ossuary)
  8 hobgoblin zombies (Ossuary)
  A jackal skeleton (D:8)
  A jackal zombie (Ossuary)
  8 kobold zombies (Ossuary)
  10 orc zombies (Ossuary)
  A quokka skeleton (D:4)
  6 rats
214 creatures vanquished.

Vanquished Creatures (collateral kills)
  A gnoll sergeant (D:7)
  A hound (D:8)
  An orc (D:6)
  A jackal zombie (Ossuary)
  2 kobold zombies (Ossuary)
6 creatures vanquished.

Grand Total: 220 creatures vanquished

Notes
Turn   | Place    | Note
-------+----------+-------------------------------------------
     0 | D:1      | Jannitor the Demonspawn Enchanter began the quest for the Orb.
     0 | D:1      | Reached XP level 1. HP: 13/13 MP: 3/3
    36 | D:1      | Reached skill level 1 in Short Blades
   143 | D:1      | Gained mutation: You have a pair of small horns on your head. [demonic ancestry]
   143 | D:1      | Reached XP level 2. HP: 19/19 MP: 5/5
   153 | D:1      | Learned a level 2 spell: Ensorcelled Hibernation
   444 | D:1      | Gained mutation: You are partially covered in rugged brown scales. (AC +1, +3% HP) [demonic ancestry]
   444 | D:1      | Reached XP level 3. HP: 16/24 MP: 6/6
   833 | D:2      | Found a shadowy altar of Dithmenos.
   833 | D:2      | Found a bloodstained altar of Trog.
   834 | D:2      | Found a stormy altar of Qazlal.
   834 | D:2      | Found a glowing silver altar of Zin.
   834 | D:2      | Found a hide-covered altar of Uskayaw.
   835 | D:2      | Found a snail-covered altar of Cheibriados.
   835 | D:2      | Found a radiant altar of Vehumet.
   836 | D:2      | Found a sparkling altar of Nemelex Xobeh.
  1121 | D:2      | Noticed Jessica
  1126 | D:2      | Killed Jessica
  1126 | D:2      | Reached skill level 1 in Ice Magic
  1126 | D:2      | Gained mutation: You regenerate a little health from kills. [demonic ancestry]
  1126 | D:2      | Reached XP level 4. HP: 30/30 MP: 7/7
  1477 | D:2      | Noticed Sigmund
  1480 | D:2      | Killed Sigmund
  1480 | D:2      | Gained mutation: A weak demonic guardian rushes to your aid. [demonic ancestry]
  1480 | D:2      | Reached XP level 5. HP: 31/36 MP: 5/8
  1558 | D:2      | Became a worshipper of Uskayaw the Reveler
  1630 | D:3      | Gained mutation: You are mostly covered in rugged brown scales. (AC +2, +5% HP) [demonic ancestry]
  1630 | D:3      | Reached XP level 6. HP: 36/43 MP: 9/9
  1630 | D:3      | Reached * piety under Uskayaw
  1633 | D:3      | Reached ** piety under Uskayaw
  2451 | D:3      | Found a sacrificial altar of Ru.
  2467 | D:3      | Reached *** piety under Uskayaw
  2613 | D:4      | Found a glowing drain.
  2626 | Sewer    | Entered a sewer
  2899 | Sewer    | Reached skill level 1 in Evocations
  2957 | D:4      | Noticed Jyngge's ghost (amateur MiFi)
  3030 | D:4      | Killed Jyngge's ghost
  3251 | D:4      | Learned a level 3 spell: Confuse
  3270 | D:4      | Reached XP level 7. HP: 22/48 MP: 1/10
  3424 | D:4      | Found a sparkling altar of Nemelex Xobeh.
  3698 | D:4      | Learned a level 1 spell: Confusing Touch
  3703 | D:4      | Learned a level 1 spell: Apportation
  3838 | D:4      | Found a white marble altar of Elyvilon.
  3888 | D:4      | Noticed Eustachio
  3935 | D:4      | Noticed Blork the orc
  3938 | D:4      | Killed Blork the orc
  4220 | D:5      | Entered Level 5 of the Dungeon
  4341 | D:5      | Found the +9 staff of Olgreb {rPois}
  4360 | D:5      | Found a runed door.
  4370 | D:5      | Found a runed gate.
  4371 | D:5      | Found a runed door.
  4381 | D:5      | Found a runed gate.
  4381 | D:5      | Found a runed gate.
  4437 | D:5      | Reached skill level 5 in Hexes
  4548 | D:5      | Reached skill level 1 in Invocations
  4966 | D:5      | Reached skill level 5 in Stealth
  5347 | D:6      | Reached XP level 8. HP: 46/54 MP: 11/11
  5402 | D:6      | Found a sand-covered staircase.
  5410 | Ossuary  | Entered an ossuary
  5580 | Ossuary  | Reached **** piety under Uskayaw
  5591 | Ossuary  | Reached ***** piety under Uskayaw
  5707 | D:6      | Noticed Worldyogurt's ghost (novice DDFi)
  5738 | D:6      | Found a blossoming altar of Fedhas.
  6648 | D:7      | Found a staircase to the Ecumenical Temple.
  6659 | D:7      | Noticed Joseph
  6668 | D:7      | Killed Joseph
  7467 | D:7      | Reached XP level 9. HP: 52/59 MP: 12/12
  7862 | D:8      | Reached skill level 5 in Short Blades
  7989 | D:8      | Found a roughly hewn altar of Beogh.
  8010 | D:8      | Reached skill level 5 in Invocations
  8386 | D:8      | Noticed Salt's ghost (novice MiBe)
  8871 | D:8      | Found a shimmering altar of Xom.
  8872 | D:8      | Found a hazy altar of Hepliaklqana.
  8872 | D:8      | Noticed a hell beast
  8873 | D:8      | Noticed a spectral ugly thing
  8873 | D:8      | Noticed a hell beast
  9020 | D:9      | HP: 2/59 [gnoll/spear (7)]
  9023 | D:9      | Killed from afar by an orc priest

Skill      XL: |  1  2  3  4  5  6  7  8  9 |
---------------+----------------------------+-----
Short Blades   | 1 2 3 4 5 |  5.5
Stealth        | 3 4 5 6 |  6.7
Ice Magic      | 1 2 3 |  3.1
Hexes          | 4 5 6 |  6.9
Evocations     | 1 2 4 |  4.7
Invocations    | 2 4 5 |  5.8
Dodging        | |  1.7
Spellcasting   | |  2.0

Action                   |  1- 3 |  4- 6 |  7- 9 || total
-------------------------+-------+-------+-------++-------
Melee: Dagger            |    72 |   188 |   418 ||   678
       Headbutt          |     4 |    26 |    79 ||   109
 Fire: Blowgun           |       |       |     3 ||     3
 Cast: Ensorcelled Hiber |     4 |     6 |     5 ||    15
       Corona            |     1 |       |       ||     1
       Confuse           |       |     3 |     3 ||     6
Evoke: Wand              |       |     2 |     4 ||     6
  Use: Scroll            |       |     4 |    15 ||    19
       Potion            |       |     2 |    11 ||    13
 Stab: Sleeping          |    11 |    15 |    20 ||    46
       Confused          |       |     1 |     3 ||     4
       Paralysed         |       |     1 |    10 ||    11
       Distracted        |       |       |     3 ||     3
  Eat: Chunk             |       |     7 |    11 ||    18
       Ration            |       |       |     3 ||     3
Armor: Robe              |    14 |    38 |    71 ||   123
       Skin              |       |       |     9 ||     9
Dodge: Dodged            |    47 |    80 |   216 ||   343
